[Event "*** Titled Tuesday Blitz"]
[Site "Chess.com"]
[Date "2020.04.21"]
[Round "6"]
[White "MikaelyanArman"]
[Black "DraskovicL"]
[Result "1/2-1/2"]
[WhiteElo "2747"]
[BlackElo "2582"]
[TimeControl "180+1"]
[EndTime "11:10:13 PDT"]
[Termination "Game drawn - insufficient material"]

1. Nf3 Nf6 2. c4 g6 3. g3 Bg7 4.
Bg2 O-O 5. O-O d6 6. Nc3 Nc6 7.
d3 e5 8. Rb1 a5 9. a3 h6 10. b4 axb4 11. axb4 Be6 12. b5 Ne7 13. Bb2 Qd7 14. Nd2 Rab8 15. Ra1 Bh3 16. e4 Bxg2 17. Kxg2 Ne8 18. Ne2 f5 19. Qb3 Kh7 20. f3 h5 21.
c5 dxc5 22. Nc4 Qe6 23. Na5 Qxb3 24. Nxb3 b6 25. Ra7 Rd8 26. Nec1 Rd7 27. Re1 Nd6 28. exf5 Nexf5 29. Bxe5 Bxe5 30. Rxe5 Nxb5 31. Ra2 Nfd4 32. Nxd4 Nxd4 33. f4 Nc6 34. Re3 Rfd8 35. Rae2 Nb4 36.
Re7+ Kh6 37. Rxd7 Rxd7 38. Re3 Kg7 39. Kf3 Kf6 40. h3 Re7 41. Rxe7 Kxe7 42. Ke4 Ke6 43. g4 hxg4 44. hxg4 Nd5 45. f5+ gxf5+ 46. gxf5+ Kd6 47. Ne2 Nf6+ 48. Kf4 b5 49. Kg5 Ke7 50. Kf4 b4 51. Ke5 b3 52. Nc3 b2 53. d4 cxd4 54. Kxd4 Kd6 55.
Kd3 Ke5 56. Kc2 Kxf5 57. Kxb2 Ne4 58. Nd5 c5 59. Kc2 Ke5 60. Ne7 c4 61. Nc6+ Kd5 62.
Ne7+ Kc5 63. Nf5 Nd6 64. Ne3 Kd4 65. Nxc4 1/2-1/2

[Event "*** Titled Tuesday Blitz"]
[Site "Chess.com"]
[Date "2020.04.21"]
[Round "6"]
[White "KNVB"]
[Black "Donseng"]
[Result "1-0"]
[WhiteElo "2765"]
[BlackElo "2526"]
[TimeControl "180+1"]
[EndTime "11:10:13 PDT"]
[Termination "KNVB won on time"]

1. d4 d5 2. Bf4 Nf6 3. e3 e6 4.
Nd2 Bd6 5. Ngf3 b6 6. c3 Bb7 7. Bd3 Nbd7 8. O-O Ne4 9. a4 a6 10. Qc2 Nxd2 11. Qxd2 O-O 12. a5 b5 13. Qc2 h6 14.
Rfe1 Re8 15. Ne5 Nxe5 16. dxe5 Be7 17. Qe2 f5 18. exf6 Bxf6 19. Bg6 Rf8 20. Qh5 Qe7 21.
e4 Bxc3 22. bxc3 Rxf4 23. exd5 Raf8 24. dxe6 Rxf2 25. Bf7+ R8xf7 26. exf7+ Qxf7 27. Re8+ Kh7 28. Qxf7 Rxf7 29. Rae1 Bd5 30. R8e7 Rf4 31. Rxc7 Rg4 32. g3 h5 33. Re5 Bc4 34. Rxh5+ Kg6 35. Re5 Kf6 36.
Re3 Rg5 37. Rc6+ Kf7 38. Rxa6 Rc5 39. Ra7+ Kg6 40. Kf2 Bd5 41. Rd7 Bc6 42. Rc7 Rf5+ 43. Ke1 Bd5 44. a6 Rf6 45. a7 Ra6 46. Re5 Bh1 47.
Kd2 Ra3 48. Rxb5 Ra2+ 49. Kc1 Be4 50. h4 Ra1+ 51. Kd2 Ra2+ 52. Ke3 Bg2 53. c4 Kh6 54. g4 g6 55. Rb6 Ra3+ 56. Kd4 Ra1 57. h5 Kg5 58.
Rxg6+ Kf4 59. Rgg7 Rd1+ 60. Kc5 Ra1 61. h6 Ke5 62. h7 Ra5+ 63. Kb4 Ra1 64. Rge7+ Kd6 65.
Red7+ Ke6 66. h8=Q Rb1+ 67. Kc3 1-0

[Event "*** Titled Tuesday Blitz"]
[Site "Chess.com"]
[Date "2020.04.21"]
[Round "6"]
[White "Colombiano07"]
[Black "IngOscarArdila"]
[Result "1-0"]
[WhiteElo "2205"]
[BlackElo "2038"]
[TimeControl "180+1"]
[EndTime "11:10:14 PDT"]
[Termination "Colombiano07 won by resignation"]

1. d4 Nf6 2. Bf4 g6 3. e3 Bg7 4.
Nf3 O-O 5. Be2 d6 6. O-O Nbd7 7. h3 b6 8. c3 Bb7 9. a4 a5 10. Nbd2 Ne4 11. Nxe4 Bxe4 12. Nd2 Bb7 13. Bf3 Bxf3 14. Qxf3 Nf6 15. Bh2 Qd7 16. Nc4 Rfe8 17. Rfd1 Qe6 18. Qc6 Qd7 19. Qxd7 Nxd7 20. e4 c6 21. f4 d5 22.
exd5 cxd5 23. Ne5 Bxe5 24. dxe5 e6 25. Bg3 Nc5 26. Bf2 Ne4 27. Ra3 Rf8 28. Rb3 Rfb8 29. Bd4 Nc5 30. Ra3 Kf8 31. Kf2 Ke8 32. Ke3 Kd7 33. Rb1 Kc6 34. g4 Ne4 35. c4 Nc5 36. cxd5+ Kxd5 37. Rd1 Kc6 38. Rc3 Rd8 39. Rdc1 Rd5 40.
Rc4 Rad8 41. b4 axb4 42. Rxb4 h5 43. a5 bxa5 44. Rbc4 Kb5 45. Rxc5+ Rxc5 46. Rxc5+ Kb4 47. Rc7 a4 48. Rb7+ Kc4 49. Rxf7 a3 50. Ra7 Kb3 51.
Ke4 hxg4 52. hxg4 a2 53. f5 gxf5+ 54. gxf5 exf5+ 55. Ke3 Rf8 56. Kf4 Rd8 57. Ke3 f4+ 58.
Ke4 f3 59. Rb7+ Kc2 60. Rb2+ Kd1 61. Rxa2 f2 62. Rxf2 Re8 63. Rf6 Ke1 64. Rd6 Kd1 65.
Kd5 Rg8 66. e6 Rg4 67. Be5 Rg6 68. e7 Rg5 69. Re6 Rg8 70. e8=Q Rxe8 71. Rxe8 1-0

[Event "*** Titled Tuesday Blitz"]
[Site "Chess.com"]
[Date "2020.04.21"]
[Round "6"]
[White "Andreikka"]
[Black "HaryKane"]
[Result "1-0"]
[WhiteElo "2940"]
[BlackElo "2672"]
[TimeControl "180+1"]
[EndTime "11:10:15 PDT"]
[Termination "Andreikka won by resignation"]

1. c4 e6 2. Nc3 f5 3. g3 Nf6 4.
Bg2 d5 5. Nf3 Be7 6. O-O d4 7.
Na4 O-O 8. e3 Nc6 9. d3 dxe3 10.
Bxe3 e5 11. Nc3 f4 12. gxf4 exf4 13. Bxf4 Nh5 14. Bg3 Bg4 15. h3 Bf5 16. Nd5 Bd6 17. Bxd6 Qxd6 18. Qd2 Bxh3 19. Bxh3 Rxf3 20. Bg2 Nd4 21.
Qg5 Nf4 22. Nxf4 Rxf4 23. Rae1 Nf3+ 24. Bxf3 Rxf3 25. Re7 g6 26. c5 Qf6 27. Qxf6 Rxf6 28. Rxc7 Rf7 29. Rxf7 Kxf7 30. d4 Ke6 31. Re1+ Kd5 32. Re7 Kxd4 33. Rxh7 Rb8 34. Rc7 b6 35. c6 Kd5 36. Rb7 Re8 37. c7 Kc6 38. Rxa7 b5 39. a3 Kb6 40. c8=Q Rxc8 41. Rg7 Rc6 42. b4 Rf6 43. Kg2 Kc6 44. Kg3 Kd5 45. f4 Kc4 46. Kg4 Kb3 47. Ra7 Rf5 48. Ra6 Kb2 49. a4 bxa4 50. Rxa4 Kb3 51. Ra6 Kxb4 52. Rxg6 Rf8 53. Rc6 Kb5 54. Rc1 Rg8+ 55. Kf3 Rf8 56. Ke4 Re8+ 57. Kd5 Rd8+ 58. Ke5 Re8+ 59. Kd6 Rf8 60. Rf1 Rf5 61. Ke6 Rf8 62. f5 Kc6 63. f6 Re8+ 64.
Kf7 Re3 65. Rd1 Rf3 66. Ke7 Re3+ 67. Kf8 Rf3 68. f7 Rf4 69. Rd3 Kc7 70. Ke7 Re4+ 71. Kf6 Rf4+ 72. Ke6 Rf1 73. Rd5 Re1+ 74. Re5 Rf1 75.
Rf5 1-0

[Event "*** Titled Tuesday Blitz"]
[Site "Chess.com"]
[Date "2020.04.21"]
[Round "6"]
[White "RiskyDecision"]
[Black "LilRag"]
[Result "1-0"]
[WhiteElo "2536"]
[BlackElo "2343"]
[TimeControl "180+1"]
[EndTime "11:10:16 PDT"]
[Termination "RiskyDecision won by resignation"]

1. d4 Nf6 2. c4 e6 3. g3 d5 4.
Nf3 dxc4 5. Bg2 Be7 6. O-O O-O 7.
Qa4 Nbd7 8. Qxc4 c5 9. Nc3 cxd4 10. Qxd4 Nc5 11. Rd1 Qxd4 12. Nxd4 e5 13. Ndb5 a6 14. Nd6 Rb8 15. Be3 b6 16. Nxc8 Rfxc8 17. Bh3 Re8 18. Nd5 Nxd5 19. Rxd5 f6 20. b4 Na4 21. Bd7 Nc3 22. Rd3 Nxe2+ 23. Kf1 Red8 24. Kxe2 Bxb4 25. Rc1 Kf8 26. h4 b5 27. h5 Ke7 28.
Bf5 Rxd3 29. Bxd3 h6 30. Rc7+ Kf8 31. Ra7 a5 32. Kf3 a4 33. Ke4 Be7 34. Kf5 a3 35.
Bc2 b4 36. Bb3 Rd8 37. Kg6 Rc8 38. Rb7 Rd8 39. Ba7 Rc8 40. Bb6 Re8 41. Kf5 Rc8 42. Ke6 Rc6+ 43. Kf5 Rc8 44. Be6 Rd8 45. Rd7 Rb8 46. Be3 Rd8 47. Rxd8+ Bxd8 48. Bb3 Be7 49. Ke6 Ke8 50. f4 Kd8 51. fxe5 fxe5 52. Kxe5 Bf6+ 53. Ke6 Bc3 54. Kf7 Kc7 55. Bf4+ Kc6 56. g4 Kc5 57. Kg6 Kb5 58. Bc7 Kc6 59. Bd8 Kd7 60. Bh4 Kd6 61. Bg3+ Ke7 62. Bf4 Kf8 63. Be3 Ke8 64.
Bc5 Kd7 65. Kf5 Ke8 66. Be3 Bb2 67. Bf4 Bc3 68. Bd6 Kd7 69. Be5 Ke8 70. Bxc3 bxc3 71. Ke4 Ke7 72. Kd3 Kf6 73. Kxc3 Kg5 74. Be6 g6 75. hxg6 Kxg6 76. Kb3 Kf6 77. Bc8 h5 78. gxh5 1-0

[Event "*** Titled Tuesday Blitz"]
[Site "Chess.com"]
[Date "2020.04.21"]
[Round "6"]
[White "Beca95"]
[Black "Mischuk_D"]
[Result "1-0"]
[WhiteElo "2867"]
[BlackElo "2696"]
[TimeControl "180+1"]
[EndTime "11:10:18 PDT"]
[Termination "Beca95 won by checkmate"]

1. d4 d5 2. Nf3 c5 3. e3 Nf6 4.
dxc5 Qa5+ 5. Nbd2 Qxc5 6. a3 g6 7. b4 Qc7 8. Bb2 Bg7 9. c4 dxc4 10. Bxc4 O-O 11. Rc1 Qb6 12. O-O Nc6 13. Ba2 Bg4 14. h3 Bxf3 15. Qxf3 a5 16. Nc4 Qb5 17. bxa5 Nxa5 18.
Bd4 Nxc4 19. Bxc4 Qa5 20. Bc5 b5 21. Bb3 Rfe8 22. Rfd1 e6 23. g4 Rad8 24. g5 Nh5 25.
Bb4 Qa7 26. Qc6 Bf8 27. Rxd8 Rxd8 28. Qc7 Qxc7 29. Rxc7 Bxb4 30. axb4 Rd2 31. Bc2 Rd5 32. h4 Kg7 33. Be4 Re5 34. Bc6 Kf8 35. Rb7 Ng7 36. e4 Nh5 37. Kg2 Nf4+ 38. Kg3 Ne2+ 39.
Kg4 Nd4 40. f4 Nxc6 41. fxe5 Nxb4 42. Rxb5 Nd3 43. h5 gxh5+ 44. Kxh5 Kg7 45. Kg4 Nf2+ 46.
Kf3 Nh3 47. Kg4 Nf2+ 48. Kg3 Nxe4+ 49. Kf4 Nc3 50. Rb8 Nd5+ 51. Kg4 Ne3+ 52. Kf3 Nf5 53. Kf4 Ne7 54. Ke4 Kg6 55. Re8 Nf5 56. Rg8+ Kh5 57.
Kf4 Nd4 58. Rg7 Ne2+ 59. Ke3 Ng3 60. Rxf7 Kxg5 61. Rg7+ Kh4 62. Kf3 Nf5 63. Rg1 h5 64. Kf4 Kh3 65. Rg5 h4 66. Rxf5 exf5 67. e6 Kg2 68. e7 h3 69. e8=Q h2 70. Qc6+ Kg1 71. Qc5+ Kg2 72. Qd5+ Kg1 73. Qd1+ Kg2 74. Qf3+ Kg1 75.
Kg3 f4+ 76. Qxf4 h1=Q 77. Qf2# 1-0

[Event "*** Titled Tuesday Blitz"]
[Site "Chess.com"]
[Date "2020.04.21"]
[Round "6"]
[White "Arman_Hakemi"]
[Black "patzerplay"]
[Result "1-0"]
[WhiteElo "2562"]
[BlackElo "2338"]
[TimeControl "180+1"]
[EndTime "11:10:20 PDT"]
[Termination "Arman_Hakemi won by checkmate"]

1. Nf3 Nf6 2. b3 g6 3. Bb2 Bg7 4. g3 O-O 5. Bg2 d5 6. c4 c6 7. O-O Ne4 8. Bxg7 Kxg7 9. d3 Nf6 10. Qc2 b5 11. Nbd2 Bf5 12. Nd4 Bd7 13. N4f3 Bf5 14. Ne5 Qd6 15. Ndf3 Nbd7 16. Nxd7 Qxd7 17. Rac1 Rac8 18.
c5 h6 19. h4 Bh3 20. Ne5 Qe6 21. d4 Bxg2 22. Kxg2 a5 23. f3 Nd7 24. Nd3 Qf5 25. Nf2 Qxc2 26. Rxc2 e5 27. e3 Rfe8 28. Nd3 exd4 29. exd4 Re3 30. Nf4 Rce8 31. Rff2 g5 32. hxg5 hxg5 33. Nh3 Kg6 34. Rcd2 f5 35. Ng1 Nf6 36. Ne2 g4 37. Nf4+ Kg5 38. Nd3 gxf3+ 39. Rxf3 Ng4 40. Nf4 Rxf3 41. Kxf3 Re3+ 42. Kg2 Kf6 43.
Nd3 Re4 44. Nf4 Nh6 45. Kf3 b4 46. Rh2 Nf7 47. Rd2 Ng5+ 48. Kf2 Re7 49. Rd3 Ne4+ 50. Kg2 Rh7 51. Re3 Kg5 52. Nd3 Rg7 53. Nf4 Kf6 54. Nh5+ Kg6 55. Nxg7 Kxg7 56. Kf3 Kg6 57. Kf4 Kf6 58.
g4 fxg4 59. Kxg4 Nc3 60. Rh3 Nxa2 61. Rh6+ Ke7 62. Rxc6 Nc1 63. Kf5 Nxb3 64. Ke5 a4 65. Ra6 a3 66. Kxd5 Nc1 67. Ra7+ Kd8 68. Kd6 Kc8 69. c6 Kb8 70. Rb7+ Ka8 71. Rxb4 a2 72.
c7 Ka7 73. c8=Q a1=Q 74. Qb7# 1-0

[Event "*** Titled Tuesday Blitz"]
[Site "Chess.com"]
[Date "2020.04.21"]
[Round "6"]
[White "mshuaau0"]
[Black "Quattroporte300"]
[Result "0-1"]
[WhiteElo "2114"]
[BlackElo "2280"]
[TimeControl "180+1"]
[EndTime "11:10:20 PDT"]
[Termination "Quattroporte300 won by resignation"]

1. e4 e5 2. Nf3 Nc6 3. Nc3 Nf6 4. Bc4 Bc5 5. d3 h6 6. O-O a6 7. Be3 Bxe3 8. fxe3 d6 9. h3 Na5 10. Bb3 Nxb3 11.
axb3 O-O 12. d4 exd4 13. exd4 d5 14. exd5 Nxd5 15. Nxd5 Qxd5 16. c4 Qd6 17. Qe1 Bf5 18. Qe5 Qxe5 19. Nxe5 Bc2 20. b4 f6 21.
Rac1 Bh7 22. Nf3 Rfe8 23. Kf2 g5 24. Rfe1 Bd3 25. Re3 Rxe3 26. Kxe3 Bg6 27. d5 Re8+ 28. Kd2 Kf7 29. Rc3 h5 30. Re3 Be4 31. g4 hxg4 32.
hxg4 Bxf3 33. Rxf3 Re4 34. Kc3 Rxg4 35. Re3 Rg1 36.
Kc2 Rg2+ 37. Kc3 Rg1 38. Re2 f5 39. c5 Rd1 40. Kc4 f4 41. Re5 Kf6 42. Re6+ Kf5 43. Re7 f3 44. Rxc7 Kg4 45. Rf7 f2 46. Rxf2 Kg3 47.
Rf7 g4 48. d6 Kg2 49. b5 g3 50. bxa6 bxa6 51. b4 Kh1 52. Rg7 g2 53. b5 Rc1+ 54.
Kd5 axb5 55. c6 b4 56. d7 b3 57. Rh7+ Kg1 58. Ke4 Rd1 59. c7 b2 60. d8=Q b1=Q+ 61. Kf3 Rf1+ 62. Kg3 Qe1+ 63. Kh3 Qe3+ 64. Kg4 Rf4+ 65.
Kg5 Qe5+ 66. Kg6 Qf5+ 67. Kg7 Rg4+ 68. Kh8 Qe5+ 0-1

[Event "*** Titled Tuesday Blitz"]
[Site "Chess.com"]
[Date "2020.04.21"]
[Round "6"]
[White "Grischuk"]
[Black "Sviridov_Valery"]
[Result "1-0"]
[WhiteElo "3097"]
[BlackElo "2860"]
[TimeControl "180+1"]
[EndTime "11:10:21 PDT"]
[Termination "Grischuk won by resignation"]

1. Nf3 Nf6 2. g3 g6 3. c4 Bg7 4. Nc3 c5 5. d4 cxd4 6. Nxd4 O-O 7. Bg2 Nc6 8. O-O Ng4 9. e3 d6 10. b3 Nxd4 11. exd4 Nh6 12. Bb2 Nf5 13. d5 Bd7 14. Re1 a6 15. a4 Re8 16. Rb1 Rb8 17. Qd3 b5 18. cxb5 axb5 19. Nxb5 Bxb2 20. Rxb2 Bxb5 21. axb5 Qa5 22. Reb1 Qxb5 23. Qxb5 Rxb5 24. b4 Reb8 25. Be4 Kg7 26. Kf1 Kf6 27. Ke2 Rc8 28. Kd3 e6 29.
dxe6 fxe6 30. Kd2 d5 31. Bd3 Rb6 32. b5 e5 33. Rc2 Rxc2+ 34. Bxc2 Nd6 35. Ba4 e4 36.
Kc3 Ke5 37. Kb4 Rb8 38. Rc1 Nc4 39. Bb3 Nd6 40. Rc5 Rb6 41. Rxd5+ Ke6 42. Rc5+ Kf6 43. Bd5 Rb8 44. Ka5 Ke5 45. Bc6+ Ke6 46. b6 Rf8 47. Rc2 Rf5+ 48. Ka6 Re5 49. b7 Nxb7 50. Kxb7 e3 51. fxe3 Rxe3 52. Kc7 h5 53. Be8 Kf6 54. Rc6+ Ke7 55.
Bxg6 h4 56. gxh4 Rh3 57. h5 Rxh2 58. Rc3 Kf6 59. Rf3+ Kg7 60. Kd6 Re2 61. Kd5 Kh6 62.
Rf7 Re1 63. Rh7+ Kg5 64. Rh8 Kf6 65. Kd4 Kg5 66. Be4 Re2 67. h6 Kf6 68. h7 Rh2 69.
Rg8 1-0

[Event "*** Titled Tuesday Blitz"]
[Site "Chess.com"]
[Date "2020.04.21"]
[Round "6"]
[White "imdarealist"]
[Black "Mikhail_Golubev"]
[Result "0-1"]
[WhiteElo "2321"]
[BlackElo "2531"]
[TimeControl "180+1"]
[EndTime "11:10:21 PDT"]
[Termination "Mikhail_Golubev won by resignation"]

1. d4 Nf6 2. Bf4 d6 3. e3 Nbd7 4. Nf3 g6 5. h3 Bg7 6. c3 b6 7. Bh2 Bb7 8. Be2 O-O 9. O-O Qe8 10. a4 a6 11. Qb3 e5 12. Rd1 Qe7 13. a5 b5 14. c4 exd4 15. Nxd4 Nc5 16. Qa3 bxc4 17. Bxc4 Nce4 18. Nc3 Nxc3 19. bxc3 Ne4 20. Rab1 Nc5 21. Bf1 Be4 22. Rb2 Rae8 23. Bg3 h5 24. f3 Ba8 25. Bf2 f5 26. Bc4+ Kh7 27. Re2 Bh6 28. Rde1 Qg7 29. Qc1 d5 30. Ba2 Nd3 31. Qc2 Nxe1 32. Rxe1 f4 33.
exf4 Rxe1+ 34. Bxe1 Bxf4 35. Ne6 Qe7 36. Nxf8+ Qxf8 37. Qe2 Qf6 38. Bf2 Qxc3 39. Qe7+ Qg7 40. Qe6 Qa1+ 41. Qe1 Qxe1+ 42. Bxe1 c5 43. Bf2 c4 44.
Bd4 Bh6 45. Bb1 Bg7 46. Be3 d4 47. Bd2 Bc6 48. Kf1 Bb5 49. Ke1 c3 50. Bf4 d3 51.
Kd1 c2+ 52. Bxc2 dxc2+ 53. Kxc2 Bf1 54. g4 Bxh3 55. gxh5 gxh5 56. Kd3 Bd7 57. Kc4 Kg6 58. Kc5 Bb5 59. Kb6 Kf5 60. Bg3 Be5 61. Bh4 Bf6 62. Bg3 h4 63. Bh2 h3 64. f4 Bc3 65. Kc5 Bd2 66. Kd4 Bxf4 67. Bg1 Bb8 68. Ke3 Ba7+ 0-1

[Event "*** Titled Tuesday Blitz"]
[Site "Chess.com"]
[Date "2020.04.21"]
[Round "6"]
[White "ChristianAlm"]
[Black "tacticthunder"]
[Result "1-0"]
[WhiteElo "2469"]
[BlackElo "2596"]
[TimeControl "180+1"]
[EndTime "11:10:22 PDT"]
[Termination "ChristianAlm won by resignation"]

1. d4 Nf6 2. Bg5 d5 3. Nd2 Bf5 4. e3 Nbd7 5. f4 c5 6. c3 h6 7. Bh4 Qb6 8. Qb3 c4 9. Qxb6 axb6 10. Ngf3 b5 11. Be2 e6 12. O-O b4 13. Ne5 bxc3 14. bxc3 Ne4 15. Nxe4 Bxe4 16. Bf3 Bf5 17. g4 Nxe5 18. gxf5 Nxf3+ 19. Rxf3 exf5 20. Rb1 Rxa2 21. Rxb7 Bd6 22. Rf2 Rxf2 23. Bxf2 g5 24. Bg3 O-O 25.
Rd7 Ba3 26. Rxd5 Rc8 27. fxg5 Bb2 28. Be1 hxg5 29. Rxf5 f6 30. Rxf6 Kg7 31. Rf5 Kg6 32. Rc5 Rxc5 33. dxc5 Kf5 34. Kf2 Ke5 35. Kf3 Bc1 36.
e4 Ke6 37. Bf2 Bd2 38. Bd4 Kd7 39. Kg4 Ke6 40. h3 Bc1 41. Kf3 Bd2 42. Ke2 Bf4 43. Be3 Be5 44. Kd2 Bf6 45. Bd4 Be7 46. Ke3 Bd8 47. Kf3 Bc7 48. Kg4 Bd8 49. Be3 Bf6 50. Bd2 Be7 51. Bxg5 Bxc5 52. Bd2 Ke5 53. Kf3 Ba3 54.
h4 Bf8 55. Bf4+ Kf6 56. h5 Bg7 57. Be3 Ke6 58. Bd4 Bh6 59. Kg4 Bd2 60. Kf3 Bh6 61. Ke2 Bg7 62. Bxg7 Kf7 63. Bd4 Ke6 64. Ke3 Kf7 65.
Kf3 Kg8 66. Kf4 Kh7 67. e5 Kh6 68. Ke4 Kxh5 69. Kd5 Kg6 70. Kxc4 Kf7 71. Kd5 Ke8 72.
c4 Kd7 73. c5 1-0

[Event "*** Titled Tuesday Blitz"]
[Site "Chess.com"]
[Date "2020.04.21"]
[Round "6"]
[White "Volodar_Murzin"]
[Black "Igrok3069"]
[Result "1/2-1/2"]
[WhiteElo "2643"]
[BlackElo "2779"]
[TimeControl "180+1"]
[EndTime "11:10:24 PDT"]
[Termination "Game drawn by repetition"]

1. d4 d5 2. Nf3 Nf6 3. Bf4 g6 4. e3 Bg7 5. Nbd2 O-O 6. h3 b6 7. c3 c5 8. Bd3 Bb7 9. O-O Nbd7 10. Qe2 a6 11. Bh2 Ne4 12. Rad1 e6 13. Bb1 Nxd2 14. Nxd2 Qe7 15. f4 b5 16. Kh1 b4 17. Bg1 a5 18.
e4 bxc3 19. bxc3 cxd4 20. cxd4 Ba6 21. Bd3 Bxd3 22. Qxd3 dxe4 23. Nxe4 Nb6 24. d5 exd5 25. Nc3 d4 26. Nb5 Rad8 27. f5 Nd5 28. Nxd4 Nb4 29.
Qf3 Qf6 30. a3 Nd5 31. fxg6 hxg6 32. Qxf6 Nxf6 33. Nc6 Rxd1 34. Rxd1 a4 35. Rd4 Ra8 36. Rc4 Nd5 37. Na7 Re8 38. Rxa4 Re1 39. Nc6 Nc3 40.
Ra8+ Kh7 41. Kh2 Bh6 42. Bd4 Bg7 43. Bxg7 Kxg7 44. Ra7 Nd5 45. Nd8 Ne7 46. Nb7 Re2 47.
Nd6 Kf6 48. a4 Ke6 49. Ne8 Nf5 50. a5 Ne3 51. a6 Rxg2+ 52. Kh1 Ra2 53. Rb7 Nd5 54. a7 f5 55. h4 f4 56. Kg1 f3 57.
Nc7+ Nxc7 58. Rxc7 Kf5 59. Rg7 Kf4 60. Rxg6 Rxa7 61.
Rf6+ Kg4 62. Rg6+ Kf4 63. Rf6+ Ke4 64. Re6+ Kf5 65. Re8 Kf4 66. Rf8+ Kg4 67. Rg8+ Kf4 68. Rf8+ Kg4 69. Rg8+ Kf4 70. Rf8+ 1/2-1/2

[Event "*** Titled Tuesday Blitz"]
[Site "Chess.com"]
[Date "2020.04.21"]
[Round "6"]
[White "Maybe00"]
[Black "pheonixking2000"]
[Result "1-0"]
[WhiteElo "2661"]
[BlackElo "2801"]
[TimeControl "180+1"]
[EndTime "11:10:30 PDT"]
[Termination "Maybe00 won by resignation"]

1. d4 d5 2. c4 e6 3. Nf3 Nf6 4. Nc3 dxc4 5. e4 b5 6. Nxb5 Nxe4 7. Qa4 c6 8. Nc3 Nxc3 9. bxc3 Bd6 10. Bxc4 O-O 11.
O-O Qc7 12. Ba3 Nd7 13. Bxd6 Qxd6 14. Bd3 h6 15. Rfe1 Bb7 16. Ne5 Nxe5 17. Rxe5 Rfd8 18. Rb1 Rd7 19. h3 Qc7 20. Qa5 Qxa5 21. Rxa5 Rc7 22. Be4 a6 23. Kh2 Rac8 24. Rb6 Kf8 25. Bd3 Ke7 26. Rc5 Ra8 27. Ra5 Rac8 28. f4 g6 29. h4 Rd8 30. Be4 h5 31. Rc5 Rdc8 32.
Kg3 Kd6 33. Kf2 Rd7 34. a4 Kc7 35. a5 Rd6 36. g3 Rb8 37. Rc4 Ra8 38. Ke3 Ra7 39.
Rcb4 Bc8 40. Kd3 Rb7 41. Kc4 Rxb6 42. axb6+ Kb8 43. Kc5 Rd8 44. Bxc6 Bb7 45. Bxb7 Kxb7 46. c4 a5 47. Rb5 Rc8+ 48. Kd6 Rxc4 49. Rxa5 Rxd4+ 50.
Ke7 Rd3 51. Kxf7 Rxg3 52. Rg5 Rxg5 53. fxg5 e5 54. Kxg6 e4 55. Kxh5 e3 56. g6 e2 57.
g7 e1=Q 58. g8=Q Kxb6 59. Qg6+ Kb7 60. Qf7+ Ka8 61. Qf8+ Kb7 62. Qf6 Ka8 63. Kg6 Qe4+ 64. Kg7 Qg4+ 65. Kf8 Qc8+ 66. Kf7 Qd7+ 67. Kg8 Qg4+ 68.
Kh8 Qh5+ 69. Kg7 Qg4+ 70. Kf7 Qd7+ 71. Qe7 Qf5+ 72. Kg8 Qg6+ 73. Kf8 Qf5+ 74. Ke8 Qb5+ 75. Kf7 Qh5+ 76. Kg7 Qg4+ 77. Qg5 Qd7+ 78. Kh6 Qe6+ 79. Kh7 Qf7+ 80. Kh8 Qc4 81. Qg8+ 1-0

[Event "*** Titled Tuesday Blitz"]
[Site "Chess.com"]
[Date "2020.04.21"]
[Round "6"]
[White "DejanNestor64"]
[Black "TregubovP"]
[Result "1-0"]
[WhiteElo "2420"]
[BlackElo "2563"]
[TimeControl "180+1"]
[EndTime "11:10:31 PDT"]
[Termination "DejanNestor64 won by resignation"]

1. d4 Nf6 2. c4 e6 3. Nc3 Bb4 4. Nf3 b6 5. Bg5 h6 6. Bh4 g5 7. Bg3 Ne4 8. Qb3 Bxc3+ 9. bxc3 Bb7 10. e3 d6 11. Nd2 Nxd2 12. Kxd2 Nd7 13. f3 f5 14. Bd3 Qf6 15. a4 a5 16. c5 dxc5 17. Bxc7 Rc8 18. Bxb6 Bd5 19. Qb5 Bc6 20. Qxa5 Ra8 21.
Ba7 O-O 22. Bb5 e5 23. d5 Bxd5 24. Bxd7 Qd6 25. Qb6 Rf6 26. Qxd6 Rxd6 27. Bxc5 Rxd7 28. Kc2 e4 29. f4 gxf4 30. exf4 Bc4 31. Rhd1 Bd3+ 32.
Kb3 Rb7+ 33. Bb4 Kf7 34. a5 Ke6 35. Re1 Kd5 36. h3 h5 37. Rg1 h4 38. g3 hxg3 39.
Rxg3 Bc4+ 40. Ka3 Bd3 41. Rg6 e3 42. Rd6+ Ke4 43. Rd4+ Kf3 44. Rxd3 Re8 45. Re1 Kf2 46. Rdd1 e2 47. Rc1 Rd7 48. Ka4 Red8 49. Bc5+ Kf3 50.
Bd4 Rc8 51. Rc2 Re7 52. Rd2 Re4 53. Rd3+ Kxf4 54. Rd2 Kf3 55. a6 f4 56. a7 Ra8 57.
Kb5 Re6 58. Kc4 Rc6+ 59. Kd3 Rd6 60. Rdxe2 Rxa7 61. Rf2+ Kg3 62. Rg1+ Kxh3 63. Rxf4 Ra2 64. Rf3+ Kh2 65. Rg5 Ra1 66. Rf6 Rd1+ 67. Kc4 R1xd4+ 68. cxd4 Rxf6 69. d5 Kh3 70. Kc5 Kh4 71. Rg1 Rf2 72.
d6 Rc2+ 73. Kb6 Rb2+ 74. Kc7 Rc2+ 75. Kd8 Rd2 76. d7 Kh5 77. Rg7 Kh6 78. Re7 Kg6 79. Ke8 1-0

[Event "*** Titled Tuesday Blitz"]
[Site "Chess.com"]
[Date "2020.04.21"]
[Round "6"]
[White "Msb2"]
[Black "BillieKimbah"]
[Result "0-1"]
[WhiteElo "2918"]
[BlackElo "2832"]
[TimeControl "180+1"]
[EndTime "11:10:33 PDT"]
[Termination "BillieKimbah won by resignation"]

1. d4 Nf6 2. Nc3 d5 3. Bf4 e6 4.
Nb5 Bb4+ 5. c3 Ba5 6. a4 a6 7. b4 axb5 8. axb5 c6 9. bxa5 cxb5 10.
Bxb8 Rxb8 11. e3 O-O 12. Bxb5 Ne4 13. Ne2 Ra8 14. Qa4 Qc7 15. O-O Nd6 16. Rfc1 Rd8 17. c4 dxc4 18. Bxc4 Bd7 19. Qb4 Bc6 20. Nf4 Nxc4 21.
Rxc4 Qd7 22. Rc5 Ra6 23. h3 Rda8 24. Rd1 Qd8 25. Ra1 h6 26. Qd2 Be4 27. f3 b6 28. Rcc1 Bb7 29. Qb4 Rxa5 30. Rab1 Qg5 31. Qxb6 Bxf3 32. Rb2 Ra2 33. Kh2 Rxb2 34. Qxb2 Be4 35.
Qf2 h5 36. Qg3 Qf5 37. h4 Ra2 38. Rc8+ Kh7 39. Qg5 Qxg5 40. hxg5 Bf5 41. Nxh5 Kg6 42. Ng3 Bg4 43. Kg1 Kxg5 44. Rc5+ Kg6 45. Nf1 f6 46. Nh2 Ra1+ 47. Kf2 Ra2+ 48. Kg3 Be2 49. e4 Bd3 50. e5 f5 51. Nf3 Be4 52. Rc7 Kh6 53. Re7 Ra6 54.
Nd2 Bd5 55. Re8 g5 56. Kf2 g4 57. g3 Ra2 58. Ke1 f4 59. gxf4 g3 60. Rg8 g2 61.
Ke2 Kh7 62. Rg3 Kh6 63. Rg5 Rb2 64. Ke3 Ra2 65. Ne4 Ra3+ 66. Kf2 Bxe4 67. Rg8 Ra2+ 68. Ke3 Ra1 69. Kxe4 g1=Q 70. Rxg1 Rxg1 71. f5 Re1+ 72. Kf3 Rf1+ 73. Ke4 Rxf5 74. d5 Kg6 75. dxe6 Rf1 76. Kd5 Rd1+ 77. Kc6 Kg7 78. Kc7 Kf8 79. e7+ 0-1

[Event "*** Titled Tuesday Blitz"]
[Site "Chess.com"]
[Date "2020.04.21"]
[Round "6"]
[White "Salem-AR"]
[Black "Kobalia"]
[Result "1-0"]
[WhiteElo "2993"]
[BlackElo "2711"]
[TimeControl "180+1"]
[EndTime "11:10:33 PDT"]
[Termination "Salem-AR won on time"]

1. d4 d5 2. c4 c6 3. Nc3 Nf6 4. Nf3 a6 5. g3 Bg4 6. Bg2 e6 7. Ne5 Bf5 8. Qb3 b5 9. cxd5 cxd5 10.
Bf4 Be7 11. Rc1 O-O 12. O-O h6 13. Rfd1 Qb6 14. Na4 Qa5 15. Nc5 Bxc5 16. dxc5 Rc8 17. g4 Be4 18. f3 Bh7 19. c6 Ra7 20.
h4 Rac7 21. g5 hxg5 22. hxg5 Nh5 23. Bd2 Qb6+ 24. Be3 Qa5 25. Qc3 Qxc3 26. Rxc3 f6 27. Bh3 Bf5 28. Bxf5 exf5 29. gxf6 gxf6 30. Ng6 Kf7 31.
Nf4 Nxf4 32. Bxf4 Rxc6 33. Rxc6 Nxc6 34. Rxd5 Nb4 35. Rd7+ Kg6 36. a3 Nc6 37. Kf2 Rd8 38. Rc7 Na5 39. Ra7 Nc4 40. Rxa6 Kf7 41. b3 Ne5 42. Rb6 Rd5 43. Rb7+ Ke6 44. Rb6+ Kf7 45. Be3 Nd7 46. Ra6 Nc5 47. Ra7+ Ke6 48. Bxc5 Rxc5 49. Rb7 Kd6 50. Rb6+ Ke5 51. b4 Rd5 52. e3 f4 53. Ke2 fxe3 54. Kxe3 Kf5 55. Rc6 Ke5 56. f4+ Kf5 57. Rc5 Ke6 58. Rc6+ Kf5 59.
Rc7 Ke6 60. Rb7 Rh5 61. Rb6+ Ke7 62. Ke4 Rh3 63. Rxb5 Rxa3 64. Rb7+ Ke6 65. Rb6+ Ke7 66. Kf5 Rh3 67. Rb7+ Kd6 68. Kxf6 Rh6+ 69. Kg7 Rh4 70. f5 1-0

[Event "*** Titled Tuesday Blitz"]
[Site "Chess.com"]
[Date "2020.04.21"]
[Round "6"]
[White "BaMBoMaTTo"]
[Black "Omk124"]
[Result "1/2-1/2"]
[WhiteElo "2685"]
[BlackElo "2373"]
[TimeControl "180+1"]
[EndTime "11:10:33 PDT"]
[Termination "Game drawn by repetition"]

1. d4 Nf6 2. c4 g6 3. Nc3 d5 4.
cxd5 Nxd5 5. e4 Nxc3 6. bxc3 Bg7 7. Nf3 c5 8. Rb1 b6 9. Be2 O-O 10. O-O Qc7 11. Bg5 Bb7 12. Qd3 Re8 13. d5 Nd7 14. c4 e6 15. Rfe1 exd5 16. exd5 Qd6 17. Nd2 Ne5 18. Qg3 f5 19. h4 Nf7 20. Bf4 Be5 21.
Bxe5 Qxe5 22. Qxe5 Rxe5 23. a4 Rae8 24. Kf1 Nd6 25.
a5 Ba6 26. axb6 axb6 27. Ra1 Bb7 28. Nf3 R5e7 29. Bd3 Rxe1+ 30. Nxe1 b5 31. cxb5 Bxd5 32. Ra6 Nc4 33. Nf3 Nb2 34. Be2 c4 35. Nd4 c3 36.
Rd6 Bc4 37. Bxc4+ Nxc4 38. Rc6 Nd2+ 39. Kg1 Re1+ 40. Kh2 Re4 41. Nf3 Nxf3+ 42. gxf3 Rxh4+ 43. Kg3 Rb4 44. b6 Kg7 45. Rxc3 Rxb6 46. f4 Kf6 47. f3 h5 48. Rc8 Rb1 49. Rc6+ Kg7 50. Rd6 Kh6 51.
Rc6 Rg1+ 52. Kh2 Re1 53. Kg3 Re3 54. Rb6 h4+ 55. Kf2 Ra3 56. Rb8 Ra2+ 57. Kg1 Kg7 58.
Rb7+ Kf6 59. Rh7 Ra3 60. Kg2 Ra2+ 61. Kg1 g5 62. Rh6+ Kg7 63. fxg5 Ra4 64. Kg2 Rf4 65. Ra6 Rb4 66. Rf6 Rf4 67. Rh6 Ra4 68. Kh3 Ra3 69.
Kxh4 Rxf3 70. Rb6 Rf4+ 71. Kh5 Rc4 72. Rb7+ Kg8 73. Kg6 Rc6+ 74. Kxf5 Ra6 75. Kg4 Rc6 76. Kh5 Ra6 77. Rc7 Rb6 78. Ra7 Rc6 79. Rb7 Ra6 80. Rd7 Rb6 81. Rd8+ Kg7 82. Rd7+ Kg8 83. Rd2 Ra6 84.
Rb2 Rc6 85. Ra2 Rb6 86. Ra7 Rc6 87. g6 Rc1 88. Kh6 Rh1+ 89. Kg5 Rg1+ 90. Kf6 Rf1+ 91.
Kg5 Rg1+ 92. Kf6 Rf1+ 93. Kg5 Rg1+ 1/2-1/2